 Dungeon Crawl Stone Soup version 0.28-a0-706-gf6f64a616a (webtiles) character file.

Game seed: 11390277485327520108

12291 KoroneIsBestGirl the Frost Mage (level 11, -29/90 HPs)
             Began as a Barachi Ice Elementalist on Oct 24, 2021.
             Was an Initiate of Gozag.
             Killed from afar by Jorgrun (49 damage)
             ... with a blast of rock fragments
             ... on level 11 of the Dungeon.
             The game lasted 00:30:25 (20965 turns).

KoroneIsBestGirl the Frost Mage (BaIE)             Turns: 20965, Time: 00:30:26

Health: -29/90     AC:  8    Str:  9    XL:     11   Next: 91%
Magic:  0/24       EV: 20    Int: 26    God:    Gozag
Gold:   1463       SH:  0    Dex: 16    Spells: 24/28 levels left

rFire   . . .      SeeInvis +   s - +5 long sword of Irrepressible Laughter {vorpal, rElec}
rCold   . . .      Faith    .   (no shield)
rNeg    . . .      Spirit   +   A - +2 leather armour of Springtime {rPois Int+7 Dex-3 SInv}
rPois   +          Reflect  .   (no helmet)
rElec   +          Harm     .   (no cloak)
rCorr   .          Rampage  .   (no gloves)
Will    .....                   I - +1 pair of boots of Morghuo {rPois}
Stlth   ++........              v - amulet of guardian spirit
HPRegen 0.25/turn               P - +6 ring of dexterity
MPRegen 0.19/turn               x - +4 ring of evasion

@: about to teleport, unable to hop, slow
A: amphibious, slowness 1, strong legs 1, +LOS
a: Hop, Renounce Religion, Potion Petition, Call Merchant, Bribe Branch


You were on level 11 of the Dungeon.
You worshipped Gozag.
Gozag was most pleased with you.
You visited 2 branches of the dungeon, and saw 13 of its levels.
You also visited: Ossuary.

You collected 1576 gold pieces.
You spent 34 gold pieces at shops.
You paid 79 gold pieces to Gozag.

Inventory:

Hand Weapons
 b - a +1 dagger of venom
 s - the +5 long sword of Irrepressible Laughter (weapon) {vorpal, rElec}
   (You found it on level 6 of the Dungeon)

   It inflicts extra damage upon your enemies.
   rElec:     It insulates you from electricity.
 w - the +6 whip of Faff {vorpal, MP+9}
   (You found it on level 5 of the Dungeon)

   It inflicts extra damage upon your enemies.
   MP:        It affects your magic capacity (+9).
 H - a +3 dagger of distortion
Armour
 n - a +2 pair of gloves
 A - the +2 leather armour of Springtime (worn) {rPois Int+7 Dex-3 SInv}
   (You found it on level 4 of the Dungeon)

   Int:       It affects your intelligence (+7).
   Dex:       It affects your dexterity (-3).
   rPois:     It protects you from poison.
   SInv:      It lets you see invisible.
 B - a +0 pair of boots
 I - the +1 pair of boots of Morghuo (worn) {rPois}
   (You found it on level 8 of the Dungeon)

   rPois:     It protects you from poison.
 N - the +0 robe "Codeor" {Str+8}
   (You found it on level 11 of the Dungeon)

   Str:       It affects your strength (+8).
 O - a +2 tower shield
Jewellery
 t - a ring of protection from cold
 v - an amulet of guardian spirit (around neck)
 x - a +4 ring of evasion (right hand)
 M - a ring of protection from fire
 P - a +6 ring of dexterity (left hand)
Wands
 u - a wand of polymorph (11)
 z - a wand of iceblast (20)
 J - a wand of paralysis (10)
 L - a wand of digging (3)
Scrolls
 a - 2 scrolls of immolation
 f - a scroll of teleportation
 i - 5 scrolls of noise
 l - 3 scrolls of enchant weapon
 m - a scroll of silence
 p - 4 scrolls of amnesia
 r - a scroll of blinking
 y - a scroll of fear
 E - a scroll of enchant armour
 F - a scroll of fog
 Q - a scroll of identify
Potions
 c - 3 potions of heal wounds
 d - a potion of brilliance
 e - 5 potions of might {unknown}
 g - 8 potions of curing
 h - 3 potions of lignification {unknown}
 j - 7 potions of degeneration
 k - 3 potions of flight
 o - 2 potions of ambrosia
 q - 3 potions of haste
 C - 2 potions of invisibility {unknown}
 D - a potion of mutation
 G - a potion of cancellation {unknown}
Miscellaneous
 K - a lightning rod (4/4)


   Skills:
 - Level 10.0 Fighting
 - Level 0.3 Short Blades
 - Level 10.0 Armour
 + Level 9.6 Dodging
 - Level 2.0 Stealth
 * Level 3.5 Shields
 - Level 9.0 Spellcasting
 - Level 10.0 Ice Magic


You had 24 spell levels left.
You knew the following spells:

 Your Spells              Type           Power      Damage    Failure   Level
a - Freeze                Ice            100%       1d11      1%          1
b - Frozen Ramparts       Ice            100%       1d12      1%          3

Your spell library contained the following spells:

 Spells                   Type           Power      Damage    Failure   Level
 Ozocubu's Armour         Ice            59%        N/A       1%          3
 Hailstorm                Conj/Ice       37%        3d9       9%          4
 Call Canine Familiar     Summ           11%        N/A       19%         3
 Portal Projectile        Hex/Tloc       22%        N/A       19%         3
 Stone Arrow              Conj/Erth      22%        3d8       19%         3
 Teleport Other           Tloc           11%        N/A       19%         3
 Animate Armour           Summ/Erth      22%        N/A       54%         4
 Leda's Liquefaction      Hex/Erth       5%         N/A       54%         4
 Passage of Golubria      Tloc           11%        N/A       54%         4
 Blade Hands              Tmut           5%         N/A       87%         5
 Malign Gateway           Summ/Tloc      5%         N/A       100%        7
 Lehudib's Crystal Spear  Conj/Erth      5%         10d3      100%        8


Dungeon Overview and Level Annotations

Branches:
Dungeon (12/15)            Temple (1/1) D:4            Lair (0/6) D:8
    Orc (0/2) D:10        Ossuary (visited)

Altars:
Ashenzari
Cheibriados
Dithmenos
Elyvilon
Fedhas
Gozag
Hepliaklqana
Kikubaaqudgha
Makhleb
Nemelex Xobeh
Okawaru
Qazlal
Ru
Sif Muna
Trog
Uskayaw
Vehumet
Wu Jian
Xom
Yredelemnul
Zin
The Shining One
Beogh

Shops:
D:2 *?!([   D:3 :*[   D:9 [

Annotations:
D:11 Jorgrun


Innate Abilities, Weirdness & Mutations

You are amphibious.
You cover ground slowly.
You can hop short distances.
You have an extended range of vision and can be seen from far away.


Message History

Press: ? - help, Shift-Dir - straight line, f - vampire mosquito, p - vampire mosquito
Aim: a vampire mosquito (severely damaged)
You freeze the vampire mosquito!
You destroy the vampire mosquito!
The vampire mosquito buzzes angrily. x2
The wall freezes the vampire mosquito.
The vampire mosquito is no longer distracted by gold.
The wall freezes the vampire mosquito.
The vampire mosquito is distracted by your dazzling golden aura.
Casting: Freeze (safe; 1% risk of failure)
Confirm with . or Enter, or press ? or * to list all spells.
You don't have enough magic to cast this spell.
You strike the helpless vampire mosquito from behind!
You hit the vampire mosquito.
The vampire mosquito is no longer distracted by gold.
The vampire mosquito is almost destroyed.
The wall freezes the vampire mosquito.
The vampire mosquito closely misses you.
The wall freezes the vampire mosquito.
You destroy the vampire mosquito!
The wall freezes Jorgrun.
Jorgrun misses you.
Training target 9.0 for Spellcasting reached!
Your Spellcasting skill increases to level 9!
You hit Jorgrun.
Jorgrun is moderately wounded.
Your surroundings suddenly seem different.
The frozen ramparts melt away as you move.
Jorgrun says, "May tha earth consume ye!"
Jorgrun points at the rock wall and mumbles some strange words.
Some rock shatters into small pieces.
Blink to where?
Press: ? - help, Dir - move target, f - you
Okay, then.
As you read the scroll of teleportation, it crumbles to dust.
You feel strangely unstable. Jorgrun casts a spell next to you.
The wall shatters!
The blast of rock fragments hits you!!!
Ouch! That really hurt!
You die...
Your body crumbles into a pile of gold.

...# #..#########...............
.#.## #.##..............>y.......
....###.##.######.#.......#.....#
#..........# ##..####...#####.##
#..........# #.[## #..$$####.##
#....#####.####.######..$........
.......###...............#####..#
.........####..........g.........
................@..........####.#
..............######.........##..
.#..##........# #......(......
....##..}.##### #.........#...
##..##...## #.........#...
#...#...# ########.........#...
#...#...####................#...
#...........)######.............
##.......###### ###########...


You could see Jorgrun.

Vanquished Creatures
  Snorg (D:11)
  Erolcha (D:11)
  A two-headed ogre (D:8)
  An orc knight (D:10)
  2 ugly things (D:11)
  Psyche (D:8)
  2 trolls (D:9)
  A centaur simulacrum (D:10)
  A vampire (D:10)
  6 yaks
  Grum (D:11)
  2 wyverns (D:9)
  A basilisk (D:11)
  8 vampire mosquitoes
  Menkaure (D:7)
  2 steam dragons
  A water moccasin (D:7)
  6 orc warriors
  A sky beast (D:7)
  2 necrophages
  2 wolves (D:11)
  4 ogres
  5 centaurs
  2 phantoms
  A kobold brigand (D:11)
  4 bullfrogs
  3 scorpions
  12 killer bees
  4 wights
  A howler monkey (D:6)
  3 centaur zombies
  2 hounds
  A centaur skeleton (D:7)
  8 orc priests
  2 jellies
  A bullfrog skeleton (D:4)
  2 iguanas (D:5)
  9 orc wizards
  A killer bee zombie (D:8)
  A hound skeleton (D:5)
  13 mummies (Ossuary)
  Robin (D:2)
  4 gnolls (D:6)
  2 howler monkey zombies (D:8)
  3 adders (D:3)
  A howler monkey skeleton (D:6)
  A shadow imp (D:6)
  A white imp (D:5)
  An ufetubus (D:6)
  3 worms
  4 dart slugs
  44 orcs
  6 ball pythons
  5 endoplasms
  A giant cockroach (D:4)
  16 goblins
  14 hobgoblins
  3 quokkas
  10 bats
  4 frilled lizards
  A gnoll skeleton (Ossuary)
  3 goblin skeletons (Ossuary)
  8 kobolds
  3 kobold skeletons (Ossuary)
  An orc skeleton (Ossuary)
  10 rats
  11 rat skeletons (Ossuary)
284 creatures vanquished.

Vanquished Creatures (collateral kills)
  A centaur warrior (D:10)
  An orc warrior (D:10)
2 creatures vanquished.

Vanquished Creatures (others)
  A vampire (D:10)
  4 toadstools (D:11)
5 creatures vanquished.

Grand Total: 291 creatures vanquished

Notes
Turn   | Place    | Note
-------+----------+-------------------------------------------
     0 | D:1      | KoroneIsBestGirl the Barachi Ice Elementalist began the
                  | quest for the Orb.
     0 | D:1      | Reached XP level 1. HP: 13/13 MP: 3/3
    64 | D:1      | Reached skill level 5 in Ice Magic
   213 | D:1      | Reached XP level 2. HP: 19/19 MP: 3/5
   805 | D:1      | Reached XP level 3. HP: 19/24 MP: 0/6
   911 | D:1      | Learned a level 3 spell: Frozen Ramparts
  1347 | D:2      | Found Cimigesu's Antique Weapon Emporium.
  1408 | D:2      | Found Ruosu's Magic Scroll Boutique.
  1437 | D:2      | Found Wedgharah's General Store.
  1847 | D:2      | Found Eckigu Arpher's Armour Emporium.
  1864 | D:2      | Found Koschut's Distillery.
  2036 | D:2      | Noticed Robin
  2043 | D:2      | Reached XP level 4. HP: 21/30 MP: 0/8
  2182 | D:2      | Killed Robin
  2576 | D:2      | Found a faded altar of an unknown god.
  2720 | D:3      | Found Zulokh's Armour Shoppe.
  3121 | D:3      | Reached XP level 5. HP: 35/35 MP: 7/9
  3177 | D:3      | Found a basalt altar of Yredelemnul.
  3221 | D:3      | Found Sionlok's Book Emporium.
  3330 | D:3      | Got the Tome of Transmutation and Orientation
  3347 | D:3      | Found Pulumyt's Assorted Antiques.
  3356 | D:3      | Bought a scroll labelled MUOSIBI DEBOIRPH for 34 gold
                  | pieces
  3373 | D:3      | Found a sacrificial altar of Ru.
  3373 | D:3      | Found a stormy altar of Qazlal.
  3376 | D:3      | Found a hazy altar of Hepliaklqana.
  3507 | D:3      | Noticed a centaur
  3512 | D:3      | Killed a centaur
  3716 | D:4      | Noticed a phantom
  3814 | D:4      | Reached XP level 6. HP: 15/41 MP: 6/11
  4537 | D:4      | Found a staircase to the Ecumenical Temple.
  4567 | Temple   | Entered the Ecumenical Temple
  4638 | Temple   | Became a worshipper of Sif Muna the Loreminder
  5006 | D:5      | Entered Level 5 of the Dungeon
  5079 | D:5      | Noticed a necrophage
  5087 | D:5      | Killed a necrophage
  5274 | D:5      | Found a sand-covered staircase.
  5279 | Ossuary  | Entered an ossuary
  5535 | Ossuary  | Reached * piety under Sif Muna
  5611 | Ossuary  | Reached skill level 1 in Fighting
  5789 | Ossuary  | Reached XP level 7. HP: 48/48 MP: 6/13
  7128 | D:6      | Identified the +5 long sword of Irrepressible Laughter
                  | {vorpal, rElec}
  7754 | D:6      | Reached skill level 5 in Dodging
  7881 | D:6      | Reached XP level 8. HP: 23/60 MP: 1/15
  8208 | D:6      | Reached skill level 5 in Spellcasting
  8606 | D:5      | Reached skill level 5 in Fighting
  8946 | D:5      | Reached ** piety under Sif Muna
  9115 | D:5      | Identified the +6 whip of Faff {vorpal, MP+9}
  9594 | D:4      | Identified the +2 leather armour of Springtime {rPois Int+7
                  | Dex-3 SInv}
  9635 | D:4      | Reached skill level 1 in Armour
 10614 | D:7      | Reached XP level 9. HP: 56/69 MP: 13/17
 11406 | D:7      | Found a sparkling altar of Nemelex Xobeh.
 11551 | D:7      | Found a radiant altar of Vehumet.
 11551 | D:7      | Noticed Menkaure
 11557 | D:7      | Killed Menkaure
 11610 | D:7      | Found an opulent altar of Gozag.
 11614 | D:7      | Fell from the grace of Sif Muna
 11614 | D:7      | Became a worshipper of Gozag Ym Sagoz the Greedy
 12023 | D:7      | Reached skill level 5 in Armour
 13180 | D:8      | Found a glowing golden altar of the Shining One.
 13327 | D:8      | Found a staircase to the Lair.
 13342 | D:8      | Noticed Psyche
 13345 | D:8      | Noticed a two-headed ogre
 13352 | D:8      | Killed Psyche
 13767 | D:8      | Killed a two-headed ogre
 13768 | D:8      | Reached XP level 10. HP: 39/80 MP: 3/20
 13977 | D:8      | Found a shadowy altar of Dithmenos.
 14011 | D:8      | Found a blossoming altar of Fedhas.
 14364 | D:8      | Identified the +1 pair of boots of Morghuo {rPois}
 15377 | D:9      | Found Rirriaz's Antique Armour Shop.
 15447 | D:9      | Found a white marble altar of Elyvilon.
 15583 | D:9      | Found a hide-covered altar of Uskayaw.
 15877 | D:10     | Entered Level 10 of the Dungeon
 17302 | D:10     | Found a staircase to the Orcish Mines.
 17302 | D:10     | Noticed an orc knight
 17971 | D:10     | Killed an orc knight
 17972 | D:10     | Reached XP level 11. HP: 61/89 MP: 9/23
 18264 | D:10     | Was forgiven by Sif Muna
 18711 | D:10     | Noticed a centaur warrior
 18727 | D:10     | Killed a centaur warrior
 19140 | D:11     | Noticed Snorg
 19155 | D:11     | HP: 2/89 [Snorg (17)]
 19157 | D:11     | Killed Snorg
 19774 | D:11     | Identified the +0 robe "Codeor" {Str+8}
 19776 | D:11     | Noticed Erolcha
 19798 | D:11     | Killed Erolcha
 20167 | D:11     | Noticed Grum
 20176 | D:11     | Reached skill level 1 in Shields
 20177 | D:11     | Killed Grum
 20178 | D:11     | Reached skill level 10 in Ice Magic
 20271 | D:11     | Noticed a green ugly thing
 20316 | D:11     | Noticed a red ugly thing
 20326 | D:11     | Killed a red ugly thing
 20710 | D:11     | Killed a green ugly thing
 20945 | D:12     | Noticed Jorgrun
 20954 | D:12     | Reached skill level 10 in Armour
 20959 | D:11     | Reached skill level 10 in Fighting
 20965 | D:11     | Killed from afar by Jorgrun

Illustrated notes

Levels and vault maps discovered:
D:1:      dpeg_arrival_refuge, layout_basic
D:2:      layout_basic, hellmonk_ecumenical_altar_arch_garden, serial_shops,
          shop, nicolae_shop_temple_entry_statues_fountains, shop, shop, shop,
          uniq_robin
D:3:      layout_basic, old_standard_altar, minitemple, serial_shops,
          nicolae_lakefront_shop, shop_statue, shop, minmay_checkerbox
D:4:      layout_basic, minmay_temple_entry_enclosed_plants, minmay_unequal
D:5:      layout_loops_corners, enter_ossuary_2, chequers_garden
D:6:      layout_loops_ring, minmay_fountain_box
D:7:      layout_rooms, mainiacjoe_overflow_big_doors,
          lemuel_coloured_pillars_altar, uniq_menkaure
D:8:      layout_rooms, tso_metal_star, mainiacjoe_overflow_divided_tiny,
          lair_entry_dummy, uniq_psyche
D:9:      layout_basic, mainiacjoe_overflow_catch_the_wave, serial_shops, shop,
          kennysheep_generic_room_3
D:10:     layout_layer_cave, david_orc_5, grunt_decor_one_mirror,
          dk_noncrumbling_4, lightli_corner_chamber
D:11:     layout_rooms, minmay_gold_behind_fungi, uniq_erolcha, uniq_grum,
          uniq_snorg
D:12:     layout_rooms, ebering_ghost_funeral_grove, serial_shops, shop,
          uniq_jorgrun
Temple:   compressed_dpeg_circular_temple

Skill      XL: |  1  2  3  4  5  6  7  8  9 10 11 |
---------------+----------------------------------+-----
Ice Magic      | 5 6 7 8 9 10 | 10.0
Stealth        | 2 |  2.0
Dodging        | 3 4 5 6 7 8 9 |  9.6
Spellcasting   | 3 4 5 7 8 9 |  9.0
Fighting       | 1 4 6 7 9 10 | 10.0
Armour         | 3 7 9 10 | 10.0
Shields        | 3 |  3.5
Short Blades   | |  0.3

Action                   |  1- 3 |  4- 6 |  7- 9 | 10-12 || total
-------------------------+-------+-------+-------+-------++-------
Melee: Dagger            |    19 |   101 |    14 |       ||   134
       Unarmed           |     1 |       |     8 |       ||     9
       Long sword        |       |       |    83 |    56 ||   139
 Cast: Freeze            |    59 |    78 |   141 |   156 ||   434
       Frozen Ramparts   |     1 |    15 |    33 |    29 ||    78
 Abil: Hop               |       |     4 |     4 |     9 ||    17
Evoke: Wand              |       |       |       |     1 ||     1
  Use: Potion            |       |     5 |       |     2 ||     7
       Scroll            |       |     7 |     2 |    12 ||    21
 Stab: Sleeping          |       |     2 |       |     1 ||     3
       Distracted        |       |       |       |     1 ||     1
Armor: Robe              |    18 |    33 |    14 |       ||    65
       Leather armour    |       |       |    42 |    56 ||    98
Dodge: Dodged            |    51 |    92 |   222 |   257 ||   622

Table legend: (Time is in decaauts)
 A = Elapsed time spent in this place.
 B = Non-inter-level travel time spent in this place.
 C = Inter-level travel time spent in this place.
 D = Time resting spent in this place.
 E = Time spent auto-exploring this place.
 F = Levels seen in this place.
 G = Mean time per level.
                   A        B        C        D        E       F      G
               +--------+--------+--------+--------+--------+-----+--------+
         Total |  22561 |  21774 |    787 |   5487 |  13838 |  14 | 1611.5 |
       Dungeon |  21138 |  20363 |    775 |   5469 |  12749 |  12 | 1761.5 |
        Temple |     90 |     78 |     12 |      0 |     67 |   1 |   90.0 |
       Ossuary |   1332 |   1332 |      0 |     18 |   1022 |   1 | 1332.0 |
               +--------+--------+--------+--------+--------+-----+--------+

Top non-repeatable levels by time:
     D:6: 2968 daAuts
    D:10: 2599 daAuts
     D:7: 2403 daAuts
     D:9: 2351 daAuts
    D:11: 1905 daAuts
     D:4: 1665 daAuts
     D:5: 1606 daAuts
     D:1: 1477 daAuts
     D:3: 1436 daAuts
     D:2: 1415 daAuts
 Ossuary: 1332 daAuts
     D:8: 1300 daAuts
  Temple: 90 daAuts
    D:12: 8 daAuts
